 Dungeon Crawl Stone Soup version 0.29.1-14-g9c671dbff4 (webtiles) character file.

Game seed: 4205111677540692798

21 growler the Ruffian (level 2, 0/23 HPs)
             Began as a Draconian Transmuter on Feb 17, 2023.
             Succumbed to Robin's poison
             ... on level 2 of the Dungeon.
             The game lasted 00:01:34 (1235 turns).

growler the Ruffian (Draconian Transmuter)          Turns: 1235, Time: 00:01:34

Health: 0/23       AC:  4    Str: 12    XL:     2   Next: 65%
Magic:  5/5        EV: 12    Int: 13    God:
Gold:   76         SH:  0    Dex: 11    Spells: 4/5 levels left

rFire   . . .      SeeInvis .     - Unarmed
rCold   . . .      Faith    .   (no shield)
rNeg    . . .      Spirit   .   (body armour unavailable)
rPois   .          Reflect  .   (helmet restricted)
rElec   .          Harm     .   (no cloak)
rCorr   .          Rampage  .   (no gloves)
Will    .....                   (no boots)
Stlth   +.........              (no amulet)
HPRegen 0.07/turn               (no ring)
MPRegen 0.09/turn               (no ring)

@: lethally poisoned (0 -> -16)
A: AC +4, unfitting armour, cold-blooded
a: no special abilities


You were on level 2 of the Dungeon.
You visited 1 branch of the dungeon, and saw 2 of its levels.

You collected 76 gold pieces.

Inventory:

Jewellery
 i - a ring of resist corrosion
Scrolls
 c - a scroll of butterflies {unknown}
 e - 2 scrolls of teleportation {unknown}
 g - 2 scrolls of identify {unknown}
Potions
 a - 2 potions of lignification
 b - a potion of ambrosia {unknown}
 d - a potion of curing {unknown}
 f - a potion of haste {unknown}
 h - a potion of heal wounds {unknown}


   Skills:
 - Level 1.1 Fighting
 - Level 1.7 Dodging
 + Level 4.0 Unarmed Combat
 - Level 2.0 Spellcasting
 - Level 2.0 Transmutations


You had 4 spell levels left.
You knew the following spells:

 Your Spells              Type           Power      Damage    Failure   Level
a - Beastly Appendage     Tmut           12%        N/A       11%         1

Your spell library contained the following spells:

 Spells                   Type           Power      Damage    Failure   Level
 Wereblood                Tmut           6%         N/A       17%         2
 Spider Form              Tmut/Pois      3%         N/A       45%         3
 Ice Form                 Ice/Tmut       3%         N/A       86%         4


Dungeon Overview and Level Annotations

Branches:
Dungeon (2/15)

Altars:

Shops:
D:1 !   D:2 :

Annotations:
D:2 Robin


Innate Abilities, Weirdness & Mutations

Your plain brown scales are hard. (AC +4)
You cannot fit into any form of body armour.
You are cold-blooded and may be slowed by cold attacks.


Message History

You kill the goblin!
The goblin hits you but does no damage.
Robin says, "My goblins will feast on your bones."
Robin roars a battlecry!
The goblin goes into a battle-frenzy!
Your Unarmed Combat skill increases to level 4!
You punch the goblin!
You kill the goblin! 2 goblins come into view.
The goblin shouts!
A goblin comes into view. It is wielding a +0 club.
You see here a +0 club.
The goblin shouts!
Things that are here:
a +0 dagger; a goblin corpse
Things that are here:
a +0 dagger; a goblin corpse Your horns disappear.
Your talons disappear.
The goblin hits you with a +0 dagger. Robin throws the goblin at you!
You see here a +0 club.
You closely miss the goblin.
The goblin hits you but does no damage. x2
The hobgoblin hits you.
You miss the goblin.
Your tail-slap misses the goblin.
The goblin hits you but does no damage.
The hobgoblin hits you but does no damage.
Robin says, "We wiped out the hill dwarves - you're next!"
Robin hits you from afar with a +0 spear of venom.
You are poisoned.
You hit the goblin.
The goblin is severely wounded.
You feel sick.
A goblin comes into view. It is wielding a +0 club.
The goblin hits you but does no damage. The goblin hits you with a +0 dagger.
The hobgoblin barely misses you.
Robin hits you from afar with a +0 spear of venom.
* * * LOW HITPOINT WARNING * * *
You are more poisoned.
The goblin attacks as you move away! The goblin hits you with a +0 dagger.
* * * LOW HITPOINT WARNING * * *
You die... gg........# >....g... .g..... ..... gg∩

#g# #####g#
#...g.######
#.#.@)g....#
##.#.)g.....#
###..'........#
#....#........#
#.#.##).......#
#.#...........#
..####.########
### #)....#
####.....#


You could see Robin, a hobgoblin (strong) and 5 goblins.

Vanquished Creatures
  7 goblins (D:2)
  2 hobgoblins
  3 jackals
  A quokka (D:2)
  A ball python (D:1)
  2 bats (D:1)
  2 frilled lizards (D:1)
18 creatures vanquished.

Notes
Turn   | Place    | Note
-------+----------+-------------------------------------------
     0 | D:1      | growler the Draconian Transmuter began the quest for the
                  | Orb.
     0 | D:1      | Reached XP level 1. HP: 16/16 MP: 3/3
   485 | D:1      | Found Cehasuaho's Distillery.
   790 | D:1      | Reached XP level 2. HP: 13/23 MP: 5/5
  1201 | D:2      | Found Luqaicau's Book Shop.
  1217 | D:2      | Noticed Robin
  1225 | D:2      | Reached skill level 4 in Unarmed Combat
  1235 | D:2      | Succumbed to Robin's poison

Illustrated notes

Levels and vault maps discovered:
D:1:      erik_arrival_triangle_medium, layout_loops_ring, serial_shops,
          nicolae_shop_trees
D:2:      layout_basic, serial_shops, shop, hellmonk_ecumenical_altar_run_dry,
          uniq_terence, uniq_robin

Skill      XL: |  1  2 |
---------------+-------+-----
Unarmed Combat | 4 |  4.0
Fighting       | |  1.1
Dodging        | |  1.7
Spellcasting   | |  2.0
Transmutations | |  2.0

Action                   || total
-------------------------++-------
Melee: Unarmed           ||    61
       Tailslap          ||     2
       Punch             ||     1
 Cast: Beastly Appendage ||     1
Armor: Skin              ||    21
Dodge: Dodged            ||    31
